Map: Romanticide LE

Players

GuZzOd

  • Race: Terran Terran
  • League: Platinum
  • Spawn Location: 11:00

ViBE - Winner!

  • Race: Terran Terran
  • League: Silver
  • Spawn Location: 5:00

VOD

Have the link to the VOD?

Description

Time

  • Played on: March 19, 2021, 6:58 p.m.
  • Length: 16:22
Show
View Real Time Build Order
Export as new Build Order

GuZzOd Terran 

Build Orders:  

Get SALT Encoding   

  12  0:00  SCV  
  13  0:14  Supply Depot  
  13  0:18  SCV  
  14  0:31  SCV  
  15  0:37  Barracks  
  15  0:43  Refinery  
  15  0:45  SCV  
  16  0:58  SCV  
  17  1:10  SCV  
  18  1:22  SCV  
  19  1:26  Supply Depot, Reaper  
  20  1:34  SCV  
  21  1:46  SCV  
  22  1:58  SCV  
  23  2:05  Refinery  
  23  2:06  Factory  
  23  2:10  SCV  
  24  2:22  SCV  
  25  2:26  Barracks  
  25  2:34  Barracks Reactor, SCV  
  26  2:46  SCV  
  27  2:55  Factory Tech Lab  
  27  3:05  Command Center  
  27  3:11  Marine x2  
  29  3:18  Supply Depot  
  29  3:21  Orbital Command  
  29  3:28  Barracks Tech Lab  
  29  3:29  Marine x2  
  31  3:42  Supply Depot  
  31  3:46  Marine  
  31  3:47  Marine  
  33  3:48  Siege Tank  
  36  4:04  Marine x2  
  36  4:06  Stimpack  
  36  4:09  Marine  
  39  4:15  SCV  
  40  4:17  SCV  
  40  4:22  Marine x2  
  43  4:27  Marine  
  44  4:31  Engineering Bay  
  44  4:36  Orbital Command  
  44  4:40  Marine  
  45  4:55  SCV  
  45  4:59  Siege Tank  
  50  5:07  SCV  
  50  5:11  Missile Turret  
  50  5:17  Missile Turret  
  50  5:19  SCV  
  51  5:26  Marine, Missile Turret  
  51  5:27  Marine x2  
  54  5:31  SCV  
  54  5:33  Terran Infantry Weapons Level 1  
  55  5:43  SCV  
  55  5:44  Marine x2  
  55  5:45  Combat Shield, Marine  
  59  6:02  SCV x2  
  61  6:12  Marine  
  62  6:19  Engineering Bay  
  62  6:23  Supply Depot  
  62  6:32  Refinery  
  62  6:39  Refinery  
  62  6:45  SCV x2, Marine x3  
  67  6:47  Supply Depot  
  67  6:57  SCV x2  
  69  7:02  Marine  
  70  7:09  SCV x2, Siege Tank  
  70  7:11  Supply Depot  
  75  7:20  Marine x2, Command Center  
  75  7:21  Marine  
  78  7:25  Terran Infantry Armor Level 1  
  78  7:31  Armory  
  78  7:32  SCV x2  
  78  7:34  Supply Depot  
  80  7:38  Marine x3  
  80  7:41  Siege Tank  
  86  7:55  SCV x2  
  86  7:56  Marine  
  86  7:57  Supply Depot  
  86  8:15  Marine x2  
  86  8:16  Marine  
  86  8:18  Terran Infantry Weapons Level 2  
  89  8:21  Supply Depot  
  89  8:33  Marine x3  
  92  8:44  Supply Depot  
  92  8:46  SCV  
  92  8:47  SCV  
  94  8:50  Terran Vehicle Weapons Level 1  
  94  8:51  Marine x3  
  94  8:54  Armory  
  94  8:55  Siege Tank  
  100  8:59  SCV x2  
  102  9:07  Supply Depot  
  102  9:09  Marine x3  
  105  9:11  SCV x2  
  107  9:23  SCV x2  
  109  9:27  Marine x3, Siege Tank  
  109  9:30  Supply Depot, Factory  
  115  9:35  SCV x2  
  115  9:37  Terran Infantry Armor Level 2  
  117  9:44  Marine x2  
  117  9:45  Marine  
  118  9:53  Supply Depot  
  118  9:59  Siege Tank  
  121  10:02  Marine x3  
  124  10:07  Terran Vehicle And Ship Armor Level 1  
  124  10:13  Orbital Command  
  124  10:15  SCV x2, Factory  
  124  10:16  Supply Depot  
  124  10:20  Marine  
  127  10:25  Refinery  
  127  10:26  Refinery  
  127  10:27  SCV x2  
  129  10:31  Siege Tank  
  132  10:36  Factory Tech Lab  
  132  10:39  Supply Depot, SCV, Marine x3  
  136  10:45  Terran Infantry Weapons Level 3  
  136  10:52  SCV  
  136  10:53  SCV x2  
  139  10:57  Marine x3  
  139  11:01  Thor  
  139  11:02  Supply Depot  
  139  11:03  Siege Tank  
  151  11:05  SCV x3  
  154  11:15  Marine x3  
  157  11:28  Terran Vehicle Weapons Level 2  
  157  11:32  Marine x2  
  157  11:33  Marine  
  157  11:35  Thor  
  157  11:36  Factory Tech Lab  
  166  11:40  Supply Depot  
  166  11:44  Thor  
  159  11:51  Marine  
  111  12:03  Supply Depot  
  111  12:18  Thor  
  117  12:26  Supply Depot  
  117  12:27  Thor  
  123  12:31  Marine x3  
  123  12:33  Terran Vehicle And Ship Armor Level 2  
  126  12:41  Command Center  
  126  12:49  Marine x3  
  129  13:00  Thor  
  135  13:06  Marine  
  135  13:07  Marine x2  
  115  13:24  Marine x3  
  118  13:42  Marine x3  
  121  14:00  Marine x3  
  79  14:18  Marine x3  
  70  14:35  Marine  
  70  14:36  Marine x2  
  70  14:37  Orbital Command  
  73  14:44  Thor x3  
  91  14:53  Marine x2  
  91  14:54  Marine  
  94  15:03  Refinery x2  
  94  15:11  Marine x3  
  97  15:27  Thor x3  
  115  15:29  Marine  
  115  15:31  Command Center  
  116  15:37  Command Center  
  116  15:43  Marine  
  116  15:44  Marine  
  116  15:47  Marine  
  118  16:01  Marine x2  
Show
View Real Time Build Order
Export as new Build Order

ViBE Terran - Winner!

Build Orders:  

Get SALT Encoding   

  12  0:00  SCV  
  13  0:13  SCV  
  14  0:26  SCV  
  14  0:27  Supply Depot  
  15  0:49  SCV  
  16  0:50  Barracks  
  16  0:54  Refinery  
  16  1:01  SCV  
  17  1:17  SCV  
  18  1:29  SCV  
  19  1:40  Marine  
  19  1:43  Orbital Command  
  20  1:47  Command Center  
  20  1:56  Supply Depot  
  20  1:57  Marine  
  21  2:11  SCV  
  21  2:15  Factory  
  22  2:20  Marine  
  23  2:24  SCV  
  24  2:36  SCV  
  25  2:40  Barracks Reactor  
  25  2:54  Bunker  
  25  2:59  SCV  
  25  3:00  Orbital Command  
  25  3:05  Factory Tech Lab  
  26  3:09  Barracks  
  26  3:11  SCV  
  27  3:18  Marine x2  
  29  3:23  SCV  
  29  3:27  Supply Depot, SCV  
  31  3:32  Siege Tank  
  34  3:35  Marine  
  34  3:36  SCV, Marine  
  34  3:39  SCV, Refinery  
  38  3:48  SCV  
  39  3:50  Supply Depot  
  39  3:57  SCV  
  39  4:00  SCV  
  39  4:02  Barracks Tech Lab  
  41  4:05  Starport  
  41  4:09  SCV  
  42  4:10  Marine x2  
  42  4:12  SCV  
  45  4:18  Supply Depot  
  45  4:21  SCV  
  46  4:24  SCV  
  46  4:26  Marine  
  46  4:28  Marine x2  
  46  4:29  Siege Tank  
  53  4:33  SCV  
  53  4:36  SCV  
  55  4:41  Supply Depot  
  55  4:45  SCV, Marine  
  57  4:46  Marine x2, Starport Reactor  
  57  4:48  SCV  
  57  4:52  Supply Depot  
  60  4:57  SCV  
  61  5:00  SCV  
  61  5:03  Supply Depot  
  62  5:09  SCV, Marine x3  
  62  5:11  Stimpack  
  62  5:12  SCV  
  67  5:18  Supply Depot  
  67  5:21  SCV  
  67  5:23  Refinery  
  67  5:24  SCV  
  67  5:25  Refinery  
  67  5:26  Command Center  
  69  5:34  SCV  
  70  5:37  SCV  
  70  5:38  Engineering Bay x2  
  70  5:40  Marine x3, Siege Tank  
  77  5:49  Supply Depot  
  77  5:53  SCV x2  
  79  6:02  Marine  
  79  6:03  Marine x2  
  82  6:08  Terran Infantry Weapons Level 1, Terran Infantry Armor Level 1  
  82  6:20  Marine x2  
  82  6:21  Marine, Siege Tank  
  82  6:22  Medivac  
  82  6:23  Medivac  
  92  6:30  SCV x2  
  94  6:39  Orbital Command  
  94  7:06  SCV x3  
  94  7:07  Marine x3  
  100  7:15  Barracks x2, Armory  
  100  7:17  Barracks  
  100  7:19  Combat Shield  
  100  7:21  Barracks  
  100  7:25  Marine  
  101  7:31  SCV x2  
  101  7:33  Marine, Medivac x2  
  101  7:34  Marine  
  109  7:43  SCV x2, Marine  
  112  7:47  Orbital Command  
  112  7:55  Marine  
  112  7:56  Marine  
  108  7:58  SCV x2  
  108  8:02  Terran Infantry Armor Level 2, Terran Infantry Weapons Level 2  
  108  8:04  Terran Vehicle Weapons Level 1  
  109  8:08  Barracks Reactor x3  
  109  8:09  Barracks Reactor, Marine  
  109  8:10  SCV x2  
  109  8:13  SCV, Marine x2  
  112  8:22  SCV  
  112  8:23  SCV  
  112  8:24  Command Center  
  112  8:25  SCV, Refinery  
  115  8:27  Refinery  
  115  8:29  Supply Depot x2  
  115  8:31  Supply Depot  
  115  8:32  Marine  
  115  8:33  Supply Depot, Marine x2  
  118  8:34  SCV  
  118  8:35  SCV  
  120  8:50  Marine x11  
  120  8:55  Medivac x2  
  135  9:00  Supply Depot x2  
  135  9:05  SCV x3  
  135  9:08  Marine x11  
  149  9:15  Supply Depot  
  149  9:17  Supply Depot  
  149  9:23  SCV x2  
  149  9:24  SCV  
  152  9:25  Marine, Medivac x2  
  152  9:26  Marine x3  
  160  9:38  Command Center  
  160  9:43  Marine x9  
  160  9:44  Marine x2  
  171  9:48  SCV  
  165  9:54  Medivac  
  165  9:55  Medivac  
  166  10:00  Marine  
  166  10:01  Marine x7  
  166  10:06  Planetary Fortress  
  174  10:11  SCV x3  
  177  10:17  Terran Vehicle Weapons Level 2  
  177  10:19  Terran Infantry Weapons Level 3  
  177  10:20  Marine, Terran Infantry Armor Level 3  
  178  10:22  Marine x9  
  178  10:23  SCV  
  178  10:26  SCV x2  
  190  10:35  SCV  
  191  10:38  SCV x2  
  191  10:39  Marine x3  
  191  10:40  Marine x4  
  200  10:50  Command Center  
  200  11:09  Starport  
  200  11:11  Factory  
  200  11:13  Barracks  
  200  11:15  Barracks  
  200  11:16  Barracks  
  200  11:17  Barracks  
  200  11:18  Barracks  
  200  11:19  Barracks x2  
  200  11:20  Barracks  
  200  11:25  Barracks  
  200  11:26  Barracks  
  200  11:27  Barracks  
  200  11:29  Barracks  
  200  11:41  Concussive Shells  
  195  11:52  Starport Reactor  
  149  11:55  Factory Reactor  
  114  12:01  Barracks Tech Lab  
  114  12:03  Barracks Tech Lab  
  114  12:04  Barracks Tech Lab x2  
  114  12:06  Barracks Reactor x4  
  108  12:10  Marauder  
  108  12:11  Hellbat  
  108  12:12  Medivac x2  
  108  12:15  Barracks Reactor x4  
  108  12:18  Planetary Fortress  
  108  12:25  Command Center  
  108  12:26  Marauder x4  
  108  12:27  Marine  
  108  12:28  Marine x9  
  126  12:31  Marauder  
  126  12:32  Infernal Pre-Igniter  
  128  12:44  Marine x6  
  128  12:45  Marine x3  
  128  12:46  Marine x7  
  128  12:47  Marauder  
  128  12:48  Marauder  
  148  12:51  Marine  
  148  12:52  Marine x12  
  148  12:55  Hellbat  
  163  13:02  Marine x4  
  159  13:14  Marauder x2  
  159  13:15  Marauder x2  
  159  13:16  Marine x12, Marauder  
  159  13:17  Marine x10  
  152  13:20  Marine x3  
  152  13:21  Hellbat x2  
  152  13:22  Hellbat  
  147  13:28  Medivac x4  
  147  13:34  Marine x6  
  152  13:35  Marine x2  
  152  13:36  Marauder x3, Marine x2  
  152  13:37  Marauder, Marine  
  152  13:38  Marauder, Marine  
  173  13:47  Marine x9  
  182  13:50  Smart Servos  
  182  13:57  Marauder x3  
  182  13:58  Marauder  
  189  14:05  Marauder, Marine x11  
  189  14:06  Marine x2  
  189  14:07  Marine  
  189  14:08  Marine x2  
  189  14:09  Marine  
  178  14:10  Marine x2  
  163  14:17  SCV x2  
  163  14:18  SCV, Marauder  
  163  14:19  Marauder x2  
  163  14:21  Marine  
  163  14:22  Marine x4  
  163  14:23  Hellbat x3, Marine x3  
  181  14:26  Marauder  
  181  14:32  Barracks  
  181  14:40  Marauder x3  
  181  14:42  Barracks  
  187  14:47  Marine  
  187  14:48  Marauder, Marine x10  
  200  15:04  Supply Depot  
  200  15:11  Planetary Fortress  
  200  15:31  Command Center  
Tags
 
Matchup
TvT
Player
ViBE
Race
Terran
Spawn Locations
Cross Positions
Add a new tag
Caveats
  • Supply blocks, unpowered buildings, or Contaminate may cause inaccurate times.
  • Supply counts are checked every 10 seconds.